Map: New Repugnancy LE

Players

Marine - Winner!

  • Race: Terran Terran
  • League: Diamond
  • Spawn Location: 1:00

FizzFrizz

  • Race: Zerg Zerg
  • League: Diamond
  • Spawn Location: 7:00

VOD

Have the link to the VOD?

Description

Time

  • Played on: March 9, 2019, 9:39 p.m.
  • Length: 9:55
Show
View Real Time Build Order
Export as new Build Order

Marine Terran - Winner!

Build Orders: Gas First Reaper Expand, Hellion Banshee, Mech 

Get SALT Encoding   

  12  0:01  SCV  
  13  0:13  SCV  
  14  0:17  Supply Depot  
  14  0:25  SCV  
  15  0:32  Refinery  
  15  0:39  SCV  
  16  0:46  Barracks  
  16  0:51  SCV  
  17  1:03  SCV  
  18  1:15  SCV  
  19  1:32  Orbital Command  
  19  1:33  Reaper  
  20  1:49  Command Center  
  20  1:58  SCV  
  21  2:06  Factory  
  21  2:16  SCV  
  21  2:17  Barracks Reactor, Supply Depot  
  21  2:21  Refinery  
  22  2:28  SCV  
  23  2:40  SCV  
  24  2:52  SCV  
  25  3:04  SCV  
  25  3:05  Barracks Tech Lab  
  26  3:06  Orbital Command  
  26  3:07  Starport  
  26  3:12  Hellion x2  
  30  3:16  SCV  
  31  3:28  SCV  
  31  3:32  SCV  
  31  3:33  Hellion  
  35  3:36  Hellion  
  35  3:38  Supply Depot  
  35  3:40  SCV  
  38  3:42  Marine  
  38  3:44  SCV  
  40  3:49  Banshee  
  40  3:51  Cloaking Field  
  42  4:04  SCV  
  42  4:05  SCV  
  42  4:07  Hellion x2  
  48  4:15  Command Center  
  48  4:18  SCV x2  
  50  4:30  SCV x2  
  52  4:32  Hellion  
  54  4:48  Hellion, SCV x2  
  54  4:49  Supply Depot x2  
  54  4:50  Supply Depot  
  58  5:00  SCV x2  
  60  5:09  Factory  
  60  5:10  Banshee, Factory  
  60  5:11  Factory x2  
  60  5:13  Refinery  
  63  5:16  Refinery, SCV  
  56  5:31  SCV  
  56  5:32  Orbital Command, SCV  
  56  5:33  Hellion x2  
  58  5:42  Supply Depot  
  58  5:43  SCV  
  58  5:44  SCV  
  60  5:53  Factory Tech Lab  
  60  5:54  Factory Tech Lab  
  60  5:56  SCV x2  
  62  5:57  Factory Tech Lab  
  62  5:58  Orbital Command, Factory Tech Lab  
  62  5:59  Factory Reactor  
  62  6:07  Hellion x2  
  62  6:08  SCV x2  
  68  6:11  Armory  
  68  6:13  Armory  
  68  6:22  SCV x2  
  70  6:27  Siege Tank  
  70  6:28  Rapid Reignition System, Siege Tank  
  70  6:30  SCV  
  77  6:34  SCV  
  78  6:44  SCV  
  78  6:45  SCV  
  78  6:46  Hellion x3, SCV  
  87  6:57  SCV x2  
  87  6:58  Hellion, SCV  
  87  7:00  Hellion x2  
  99  7:13  SCV x3  
  99  7:15  Terran Vehicle Weapons Level 1, Terran Vehicle And Ship Armor Level 1  
  99  7:16  Hellion  
  99  7:17  Hellion x2  
  99  7:21  Siege Tank  
  108  7:25  SCV  
  108  7:28  Refinery x2, SCV x2  
  106  7:37  SCV  
  106  7:40  SCV x2  
  108  7:47  Thor  
  108  7:48  Siege Tank  
  108  7:49  Hellion x4  
  125  7:51  Supply Depot x2  
  125  7:52  Supply Depot  
  125  7:54  Supply Depot  
  125  8:13  Siege Tank, SCV x3  
  125  8:14  Supply Depot  
  125  8:15  Supply Depot  
  125  8:16  Hellion x4, Supply Depot  
  139  8:20  Thor  
  139  8:24  Factory, Infernal Pre-Igniter  
  139  8:25  Factory  
  145  8:31  Siege Tank  
  123  8:41  Hellion x4  
  123  8:45  Hellion  
  123  9:01  SCV x3  
  123  9:02  Hellion x2  
  127  9:03  Siege Tank x2, Hellion x2  
  127  9:06  Siege Tank  
  136  9:15  SCV x2  
  136  9:16  SCV  
  139  9:18  Command Center  
  139  9:20  Factory Tech Lab x2  
  139  9:24  Hellion x2  
Show
View Real Time Build Order
Export as new Build Order

FizzFrizz Zerg 

Build Orders: Hatch First 

Get SALT Encoding   

  12  0:01  Drone  
  13  0:12  Overlord  
  13  0:19  Drone  
  14  0:31  Drone x2  
  16  0:51  Hatchery  
  16  0:53  Drone  
  16  0:57  Drone  
  16  1:01  Drone  
  18  1:11  Extractor  
  17  1:18  Spawning Pool  
  16  1:20  Drone  
  16  1:23  Drone  
  18  1:29  Drone  
  19  1:40  Drone  
  20  1:51  Overlord  
  20  2:04  Queen x2  
  20  2:06  Zergling x4  
  26  2:11  Drone  
  27  2:16  Drone  
  27  2:19  Metabolic Boost  
  27  2:45  Hatchery  
  27  2:47  Drone x2  
  27  2:48  Drone x2  
  30  3:01  Drone  
  30  3:05  Drone x3  
  33  3:09  Overlord  
  33  3:10  Drone  
  35  3:26  Drone  
  36  3:27  Overlord x2  
  36  3:28  Drone x2  
  36  3:29  Drone  
  36  3:33  Queen  
  41  3:37  Zergling x4  
  41  3:40  Zergling x2  
  44  3:51  Drone x4  
  44  3:52  Drone  
  49  3:56  Drone  
  49  3:57  Drone  
  49  3:59  Queen  
  53  4:07  Drone  
  53  4:08  Drone x2  
  56  4:13  Drone  
  57  4:18  Queen  
  57  4:20  Extractor  
  57  4:23  Zergling x2  
  58  4:24  Zergling x8  
  62  4:33  Spore Crawler  
  62  4:34  Extractor  
  62  4:35  Spore Crawler x2  
  57  4:41  Drone x6  
  57  4:42  Drone  
  68  4:50  Overlord x3  
  68  5:11  Lair  
  68  5:14  Baneling Nest  
  68  5:16  Drone x3  
  68  5:18  Drone x3  
  68  5:37  Extractor x2  
  68  5:38  Extractor  
  68  5:39  Drone x3  
  68  5:40  Drone  
  69  5:43  Extractor, Drone  
  69  5:44  Drone x3  
  70  5:52  Spore Crawler  
  70  5:55  Spore Crawler  
  65  5:58  Hatchery  
  60  6:23  Drone x3  
  60  6:24  Drone x9  
  71  6:32  Overseer  
  71  6:33  Overseer  
  71  6:38  Drone  
  71  6:39  Drone x2  
  73  6:43  Spire  
  69  6:50  Drone x3  
  70  7:04  Queen  
  70  7:06  Drone x3  
  73  7:14  Drone x3  
  73  7:15  Drone  
  74  7:19  Drone  
  75  7:23  Drone x2  
  75  7:25  Drone  
  78  7:36  Zergling x2  
  81  7:37  Zergling x6  
  81  7:39  Baneling  
  81  7:40  Baneling x7  
  81  7:41  Zergling x4  
  81  7:42  Zergling x2  
  84  7:47  Drone  
  84  7:50  Zergling x2  
  84  7:51  Zergling x4  
  88  7:59  Overlord  
  88  8:01  Baneling x7  
  88  8:02  Baneling x7  
  88  8:10  Evolution Chamber x2  
  88  8:11  Drone  
  88  8:12  Drone  
  88  8:14  Overlord x2  
  88  8:20  Overlord x2  
  88  8:21  Overlord  
  88  8:33  Zergling x16  
  79  8:45  Zergling x6  
  79  8:46  Zergling x2  
  69  9:02  Zergling x2  
  69  9:03  Zergling x8  
  69  9:06  Zergling x2  
  69  9:07  Zergling x4  
  69  9:08  Mutalisk  
  73  9:19  Zergling x6  
  73  9:23  Baneling x6  
  73  9:24  Baneling x3  
  76  9:25  Mutalisk  
  76  9:27  Zergling x4  
  78  9:46  Hatchery  
Tags
 
Add a new tag
Caveats
  • Supply blocks, unpowered buildings, or Contaminate may cause inaccurate times.
  • Supply counts are checked every 10 seconds.